 Dungeon Crawl Stone Soup version 0.22.0-49-gab54619674 (webtiles) character file.

220 IceCat the Ruffian (level 5, -8/40 HPs)
             Began as a Draconian Transmuter on Sept 3, 2018.
             Was a Follower of Cheibriados.
             Mangled by an ogre
             ... wielding a +0 giant club
              (20 damage)
             ... on level 4 of the Dungeon.
             The game lasted 00:07:17 (3105 turns).

IceCat the Ruffian (Draconian Transmuter)           Turns: 3105, Time: 00:07:18

Health: -8/40      AC:  7    Str: 16    XL:     5   Next: 64%
Magic:  7/9        EV: 13    Int: 17    God:    Cheibriados [*.....]
Gold:   172        SH:  0    Dex: 14    Spells: 6/9 levels left

rFire    . . .     SeeInvis .     - Unarmed
rCold    . . .     Gourm    .   (no shield)
rNeg     . . .     Faith    .   (armour unavailable)
rPois    .         Spirit   .   (helmet restricted)
rElec    .         Reflect  .   (no cloak)
rCorr    .         Harm     .   h - +0 pair of gloves
MR       .....                  q - +0 pair of boots
Stlth    +.........             o - amulet of magic regeneration
HPRegen  0.13/turn              (no ring)
MPRegen  0.36/turn              (no ring)

@: very slow
A: unfitting armour, cold-blooded, AC +5
a: Bend Time, Renounce Religion


You were on level 4 of the Dungeon.
You worshipped Cheibriados.
Cheibriados was aware of your devotion.
You were hungry.

You visited 1 branch of the dungeon, and saw 4 of its levels.

You collected 172 gold pieces.

Inventory:

Missiles
 a - 10 arrows
Armour
 h - a +0 pair of gloves (worn)
 q - a +0 pair of boots (worn)
Jewellery
 o - an amulet of magic regeneration (around neck)
 r - an uncursed ring of protection from magic {unknown}
Wands
 s - a wand of acid (8)
 v - a wand of paralysis (5)
Scrolls
 d - a scroll of enchant weapon
 f - a scroll of enchant armour {unknown}
 g - 3 scrolls of blinking {unknown}
 j - a scroll of immolation {unknown}
 k - 3 scrolls of teleportation
 l - 2 scrolls of remove curse {unknown}
 p - a scroll of fog {unknown}
 u - a scroll of identify
Potions
 b - a potion of mutation {unknown}
 e - 3 potions of heal wounds {unknown}
 i - 2 potions of curing {unknown}
 m - 2 potions of resistance {unknown}
 n - a potion of brilliance {unknown}
 t - a potion of degeneration {unknown}
Comestibles
 c - 8 rations


   Skills:
 + Level 1.3 Fighting
 + Level 2.6 Dodging
 + Level 4.3 Unarmed Combat
 + Level 2.9 Spellcasting
 * Level 3.8 Transmutations


You had 6 spell levels left.
You knew the following spells:

 Your Spells              Type           Power        Failure   Level  Hunger
a - Beastly Appendage     Tmut           ###...       3%          1    #......
b - Sticks to Snakes      Tmut           ###.....     5%          2    ##.....

Your spell library contained the following spells:

 Spells                   Type           Power        Failure   Level  Hunger
 Confusing Touch          Hex            #.....       19%         1    #......
 Spider Form              Tmut/Pois      #.........   24%         3    ###....
 Confuse                  Hex            #.......     47%         3    ###....
 Gell's Gravitas          Tloc           #.........   47%         3    ###....
 Ice Form                 Ice/Tmut       #.......     63%         4    #####..
 Petrify                  Tmut/Erth      #.......     63%         4    #####..
 Blade Hands              Tmut           ###.......   71%         5    ######.
 Yara's Violent Unravell  Hex/Tmut       #.........   92%         5    ######.
 Metabolic Englaciation   Hex/Ice        #.........   99%         5    ######.


Dungeon Overview and Level Annotations

Branches:
Dungeon (4/15)
 Temple: D:4-7

Altars:
Cheibriados
Gozag

Shops:
D:2 *

Annotations:
D:2 Sigmund


Innate Abilities, Weirdness & Mutations

Your plain brown scales are hard. (AC +5)
You cannot fit into any form of body armour.
You are cold-blooded and may be slowed by cold attacks.


Message History

Your adder dies!
You hit the ogre.
The ogre is lightly wounded.
Your ball python bites the ogre.
The ogre hits you with a giant club!!
Ouch! That really hurt!
* * * LOW HITPOINT WARNING * * *
You barely miss the ogre. You tail-slap the ogre.
The ogre is moderately wounded.
Your ball python barely misses the ogre.
You hit the ogre.
You tail-slap the ogre, but do no damage.
The ogre is moderately wounded.
Your ball python bites the ogre but does no damage.
The ogre completely misses you.
You hit the ogre.
The ogre is moderately wounded.
Your ball python barely misses the ogre.
The ogre hits you with a giant club!!
Ouch! That really hurt!
You die...

#########################
........@O...............
#######.S################
#..# .. #######..###.##
...............
#########..#.#.#.
...........#.#.#
########.....#.# ## #
+.....#.#..#.#


You could see an ogre and a friendly ball python.

Vanquished Creatures
  A scorpion (D:4)
  A worker ant (D:4)
  An iguana (D:4)
  4 adders
  An ooze (D:1)
  A worm (D:3)
  6 leopard geckos
  An orc (D:3)
  5 giant cockroaches
  5 hobgoblins
  10 bats
  5 frilled lizards
  12 goblins
  7 kobolds
  12 rats
72 creatures vanquished.

Notes
Turn   | Place    | Note
-------+----------+-------------------------------------------
     0 | D:1      | IceCat the Draconian Transmuter began the quest for the
                  | Orb.
     0 | D:1      | Reached XP level 1. HP: 16/16 MP: 3/3
   129 | D:1      | Reached XP level 2. HP: 20/23 MP: 5/5
   606 | D:1      | Reached XP level 3. HP: 19/28 MP: 6/6
   960 | D:2      | Noticed Sigmund
  1228 | D:2      | Found a snail-covered altar of Cheibriados.
  1239 | D:2      | Became a worshipper of Cheibriados the Contemplative
  1315 | D:2      | Found an opulent altar of Gozag.
  1330 | D:2      | Found Gozag's Platinum Reserve.
  1409 | D:2      | Reached XP level 4. HP: 35/35 MP: 7/7
  1487 | D:2      | Learned a level 2 spell: Sticks to Snakes
  1960 | D:3      | Reached * piety under Cheibriados
  2435 | D:4      | Reached skill level 4 in Unarmed Combat
  2435 | D:4      | Reached XP level 5. HP: 20/40 MP: 7/9
  3090 | D:4      | Noticed an ogre
  3105 | D:4      | Mangled by an ogre

Skill      XL: |  1  2  3  4 |
---------------+-------------+-----
Dodging        | 2 |  2.6
Transmutations | 3 |  3.8
Unarmed Combat | 4 |  4.3
Fighting       | |  1.3
Spellcasting   | |  2.9

Action                   |  1- 3 |  4- 6 || total
-------------------------+-------+-------++-------
Melee: Unarmed           |   144 |   130 ||   274
       Tailslap          |    12 |    17 ||    29
       Kick              |     8 |     4 ||    12
       Headbutt          |     4 |     9 ||    13
       Punch             |     2 |     3 ||     5
 Cast: Beastly Appendage |    24 |    14 ||    38
       Sticks to Snakes  |       |     2 ||     2
  Use: Scroll            |     3 |       ||     3
 Stab: Sleeping          |     1 |     1 ||     2
  Eat: Chunk             |     2 |     4 ||     6
Armor: Skin              |    47 |    48 ||    95
Dodge: Dodged            |    77 |    86 ||   163
